 Dungeon Crawl Stone Soup version 0.25-a0-96-g4073cf80fb (webtiles) character file.

Game seed: 5662682789957227934, levelgen mode: deterministic

43 vurker the Grave Robber (level 3, 0/26 HPs)
             Began as a Mummy Necromancer on Nov 11, 2019.
             Slain by a hobgoblin (5 damage)
             ... led by Robin
             ... on level 2 of the Dungeon.
             The game lasted 00:02:26 (1013 turns).

vurker the Grave Robber (Mummy Necromancer)         Turns: 1013, Time: 00:02:26

Health: 0/26       AC:  2    Str: 11    XL:     3   Next: 37%
Magic:  1/8        EV: 12    Int: 15    God:
Gold:   31         SH:  0    Dex: 12    Spells: 7/9 levels left

rFire    x . .     SeeInvis .   (no weapon)
rCold    + . .     Gourm    .   (no shield)
rNeg     + + +     Faith    .   a - +0 robe
rPois    ∞         Spirit   .   (no helmet)
rElec    .         Reflect  .   (no cloak)
rCorr    .         Harm     .   (no gloves)
MR       .....                  (no boots)
Stlth    ++........             (no amulet)
HPRegen  0.08/turn              (no ring)
MPRegen  0.11/turn              (no ring)

@: no status effects
A: no food or potions, fire vulnerability, cold resistance 1, negative energy
resistance 3, torment resistance, unbreathing
a: no special abilities


You were on level 2 of the Dungeon.
You were not hungry.

You visited 1 branch of the dungeon, and saw 2 of its levels.

You collected 31 gold pieces.

Inventory:

Armour
 a - a +0 robe (worn)
Jewellery
 e - an uncursed amulet of regeneration {unknown}
   (You found it on level 1 of the Dungeon)
Scrolls
 b - a scroll of amnesia {unknown}
 c - a scroll of remove curse {unknown}
 d - a scroll of teleportation {unknown}
 f - a scroll of enchant armour {unknown}


   Skills:
 + Level 1.2 Fighting
 - Level 1.5 Dodging
 - Level 1.5 Stealth
 * Level 3.6 Spellcasting
 * Level 4.5 Necromancy


You had 7 spell levels left.
You knew the following spells:

 Your Spells              Type           Power        Failure   Level  Hunger
a - Pain                  Necr           ###.         3%          1    N/A
x - Animate Skeleton      Necr           N/A          3%          1    N/A

Your spell library contained the following spells:

 Spells                   Type           Power        Failure   Level  Hunger
 Vampiric Draining        Necr           ###.......   9%          3    N/A
 Animate Dead             Necr           N/A          28%         4    N/A
 Regeneration             Chrm/Necr      Unusable     N/A         3    N/A

Dungeon Overview and Level Annotations

Branches:
Dungeon (2/15)

Altars:


Innate Abilities, Weirdness & Mutations

You do not eat or drink.
Your flesh is vulnerable to fire.
You are immune to poison.
Your flesh is cold resistant. (rC+)
You are immune to negative energy. (rN+++)
You are immune to unholy pain and torment.
You can survive without breathing.


Message History

The goblin hits your adder skeleton with a +0 club.
Your adder skeleton bites the goblin.
The goblin dies!
A hobgoblin comes into view.
A kobold comes into view. It is wielding a +0 dagger.
The goblin hits you but does no damage. Space warps horribly around you!!
Ouch! That really hurt!
* * * LOW HITPOINT WARNING * * *
Your adder skeleton bites the goblin.
The kobold moves out of view.
Things that are here:
12 gold pieces; a goblin corpse The goblin barely misses your adder skeleton.
Your adder skeleton bites the goblin.
The goblin dies!
Your adder skeleton bites the goblin.
Your adder skeleton barely misses the goblin.
Your adder skeleton bites the goblin.
You see here 2 chunks of flesh.
Something hits your adder skeleton.
Your adder skeleton bites the goblin.
The goblin dies!
Aim: a goblin, wielding a +0 club (moderately wounded, chance to defeat MR: 87%)
The goblin writhes in agony!
You kill the goblin!
The goblin hits your adder skeleton.
Your adder skeleton is destroyed!
Things that are here:
a +0 club; 2 chunks of flesh; a goblin corpse You attempt to give life to the dead...
Before your eyes, flesh is ripped from the corpse!
The dead are walking!
The goblin hits you with a +0 dagger.
* * * LOW HITPOINT WARNING * * *
Things that are here:
2 chunks of flesh x2
Aim: a goblin, wielding a +0 dagger (chance to defeat MR: 87%)
The goblin writhes in agony.
The goblin closely misses you. The goblin hits your goblin skeleton.
Your goblin skeleton hits the goblin with a +0 club.
Aim: a goblin, wielding a +0 dagger (severely wounded, chance to defeat MR: 87%)
The goblin writhes in agony.
You kill the goblin!
Your goblin skeleton hits the goblin but does no damage.
Aim: a goblin (chance to defeat MR: 87%)
The goblin writhes in agony.
You kill the goblin!
Your goblin skeleton hits the hobgoblin with a +0 club.
You don't have enough magic to cast that spell.
You hit the hobgoblin. The hobgoblin hits you.
You die...

#...### ##### #.....######
..... ####...#.#..... ####
.>.........####. #†$)......
######. ##...#.#... ......#
#...)..# ######.
####†###..# ###### #.@gZ#
....# .....# # #.##.#
#....# ####.#
#.#####.##.... ...# #.#
#................#
####.####.##.##.###.####..#
..........##.##.# .#
####.#######.##.# .# #.#
#.##.# .# #.# #<##..


You could see a hobgoblin and a friendly goblin skeleton.

Vanquished Creatures
  2 adders (D:2)
  A leopard gecko (D:2)
  2 bats (D:1)
  2 giant cockroaches
  7 goblins
  2 hobgoblins (D:1)
  A kobold (D:2)
  2 frilled lizards (D:1)
  3 rats
22 creatures vanquished.

Vanquished Creatures (collateral kills)
  3 goblins (D:2)
  A bat (D:1)
4 creatures vanquished.

Grand Total: 26 creatures vanquished

Notes
Turn   | Place    | Note
-------+----------+-------------------------------------------
     0 | D:1      | vurker the Mummy Necromancer began the quest for the Orb.
     0 | D:1      | Reached XP level 1. HP: 13/13 MP: 4/4
     2 | D:1      | Learned a level 1 spell: Animate Skeleton
   262 | D:1      | Reached XP level 2. HP: 20/20 MP: 1/6
   880 | D:2      | Reached skill level 1 in Fighting
   921 | D:2      | Reached XP level 3. HP: 23/26 MP: 1/8
  1013 | D:2      | Slain by a hobgoblin

Levels and vault maps discovered:
D:1:      dpeg_arrival_tiny_a, layout_rooms
D:2:      layout_loops_ring, uniq_robin

Skill      XL: |  1  2 |
---------------+-------+-----
Spellcasting   | 3 |  3.6
Fighting       | 1 |  1.2
Dodging        | |  1.5
Stealth        | |  1.5
Necromancy     | |  4.5

Action                   || total
-------------------------++-------
Melee: Unarmed           ||     8
 Cast: Pain              ||    44
       Animate Skeleton  ||     8
Armor: Robe              ||     6
Dodge: Dodged            ||    19

Table legend:
 A = Non-vault XP
 B = Vault XP
 C = Vault XP percentage of total XP
 D = Non-vault monster count
 E = Vault monster count
 F = Vault count percentage of total count
                 A         B        C        D         E       F
            +---------+---------+-------+---------+---------+-------
      Total |      54 |       8 |  12.9 |      20 |       6 |  23.1
            +---------+---------+-------+---------+---------+-------
        D:1 |      19 |       0 |   0.0 |      13 |       0 |   0.0
        D:2 |      35 |       8 |  18.6 |       7 |       6 |  46.2
            +---------+---------+-------+---------+---------+-------
